 Dungeon Crawl Stone Soup version 0.29.1-14-g9c671dbff4 (webtiles) character file.

Game seed: 2374309866614036712

88320 Gabide the Deadly Accurate (level 15, -11/132 HPs)
             Began as a Ghoul Gladiator on Feb 18, 2023.
             Was the Champion of Okawaru.
             Killed by divine providence
             ... invoked by an orc high priest
              (13 damage)
             ... on level 2 of the Orcish Mines.
             The game lasted 00:58:14 (29121 turns).

Gabide the Deadly Accurate (Ghoul Gladiator)       Turns: 29121, Time: 00:58:17

Health: -11/132    AC:  5    Str: 32    XL:     15   Next: 93%
Magic:  14/14      EV: 15    Int:  3    God:    Okawaru [******]
Gold:   872        SH:  0    Dex: 10    Spells: 14/14 levels left

rFire   . . .      SeeInvis .     - Unarmed
rCold   + . .      Faith    +   (no shield)
rNeg    + + +      Spirit   .   t - quicksilver dragon scales
rPois   ∞          Reflect  .   B - +2 helmet
rElec   .          Harm     .   e - +2 cloak
rCorr   .          Rampage  .   (no gloves)
Will    ++...                   F - +2 pair of boots
Stlth   ..........              w - amulet of faith
HPRegen 0.00/turn               r - +4 ring of slaying
MPRegen 0.14/turn               L - +6 ring of strength

@: spiked, corroded, inhibited regen, studying Armour
A: claws 1, cold resistance 1, negative energy resistance 3, inhibited
regeneration, torment resistance 2, devour on kill
a: Renounce Religion, Heroism, Finesse, Duel


You were on level 2 of the Orcish Mines.
You worshipped Okawaru.
Okawaru was exalted by your worship.
You visited 4 branches of the dungeon, and saw 23 of its levels.

You collected 2262 gold pieces.
You spent 1390 gold pieces at shops.

Inventory:

Armour
 e - a +2 cloak (worn)
 g - the +0 pair of gloves of Waipp {rC+ Str+4}
   (Okawaru gifted it to you on level 14 of the Dungeon)

   Str:       It affects your strength (+4).
   rC:        It protects you from cold.
 t - quicksilver dragon scales (worn)
 B - a +2 helmet (worn)
 F - a +2 pair of boots (worn)
Jewellery
 r - a +4 ring of slaying (left claw)
 w - an amulet of faith (around neck)
 x - a ring of willpower
 L - a +6 ring of strength (right claw)
 M - a ring of protection from fire
 S - a ring of protection from cold
 W - a ring of willpower
Wands
 c - a wand of quicksilver (21) (quivered)
 o - a wand of mindburst (21)
 u - a wand of roots (8)
 y - a wand of polymorph (2)
 E - a wand of flame (49)
Scrolls
 b - 2 scrolls of amnesia
 h - 4 scrolls of vulnerability
 k - 6 scrolls of teleportation
 l - 3 scrolls of enchant weapon
 q - 4 scrolls of blinking
 s - a scroll of brand weapon {unknown}
 v - 2 scrolls of enchant armour
 A - 2 scrolls of silence
 C - 5 scrolls of immolation
 D - 3 scrolls of fog
 I - 4 scrolls of poison
 K - a scroll of torment {unknown}
 U - a scroll of magic mapping
Potions
 a - 3 potions of heal wounds
 f - 2 potions of cancellation
 i - a potion of lignification
 m - a potion of magic
 n - 6 potions of brilliance
 p - 3 potions of might
 G - 2 potions of attraction
 H - 6 potions of curing
 J - 3 potions of flight
 N - a potion of haste
 R - a potion of resistance
 V - a potion of invisibility


   Skills:
 - Level 12.0 Fighting
 + Level 17.7 Throwing
 - Level 6.0 Armour
 - Level 12.0 Dodging
 - Level 12.0 Unarmed Combat


You had 14 spell levels left.
You didn't know any spells.
Your spell library contained the following spells:

 Spells                   Type           Power      Damage    Failure   Level
 Apportation              Tloc           0%         N/A       63%         1
 Foxfire                  Conj/Fire      0%         2x1d4     63%         1
 Freeze                   Ice            0%         1d3       63%         1
 Necrotise                Necr           0%         1d4       63%         1
 Ensorcelled Hibernation  Hex/Ice        0%         N/A       77%         2
 Passwall                 Tmut/Erth      0%         N/A       77%         2
 Conjure Flame            Conj/Fire      0%         6-21      94%         3
 Dazzling Flash           Conj/Hex       0%         N/A       94%         3
 Frozen Ramparts          Ice            0%         1d1       94%         3
 Inner Flame              Hex/Fire       0%         N/A       94%         3
 Swiftness                Air            0%         N/A       94%         3
 Flame Wave               Conj/Fire      0%         2d4       100%        4
 Hailstorm                Conj/Ice       0%         3d3       100%        4
 Iskenderun's Mystic Bla  Conj/Tloc      0%         2d3       100%        4
 Petrify                  Tmut/Erth      0%         N/A       100%        4
 Alistair's Intoxication  Tmut/Pois      0%         N/A       100%        5
 Metabolic Englaciation   Hex/Ice        0%         N/A       100%        5
 Starburst                Conj/Fire      0%         6d3       100%        6
 Summon Small Mammal      Summ           Unusable   N/A       N/A         1
 Statue Form              Tmut/Erth      Unusable   N/A       N/A         6

Dungeon Overview and Level Annotations

Branches:
Dungeon (15/15)            Temple (1/1) D:6            Lair (5/5) D:11
 Shoals (0/4) Lair:2        Snake (0/4) Lair:3        Slime (0/5) Lair:4
    Orc (2/2) D:9             Elf (0/3) Orc:2        Vaults (0/5) D:14
 Depths (0/4) D:15

Altars:
Ashenzari
Cheibriados
Dithmenos
Fedhas
Gozag
Hepliaklqana
Kikubaaqudgha
Makhleb
Nemelex Xobeh
Okawaru
Qazlal
Ru
Sif Muna
Trog
Uskayaw
Vehumet
Wu Jian
Xom
Yredelemnul
Jiyva

Shops:
D:4 [   D:7 *   D:10 :   D:15 !*[   Orc:2 ?!

Annotations:
D:13 1 transporter
D:14 3 runed translucent doors, 112233's ghost, adept HuCj


Innate Abilities, Weirdness & Mutations

You are immune to poison.
You have sharp fingernails.
Your flesh is cold resistant. (rC+)
You are immune to negative energy. (rN+++)
You do not regenerate when monsters are visible.
You are immune to unholy pain and torment.
You thrive by killing the living.


Message History

* * * LOW HITPOINT WARNING * * *
The rust devil corrodes you!
The red devil hits you but does no damage.
Aiming: Quicksilver Bolt
Press: ? - help, Q - select action, (/) - cycle Shift-Dir - straight line, f/p - orc high priest
Aim: an orc high priest, wielding a +0 trident (severely wounded, 64% to hit)
The bolt of dispelling energy misses the orc high priest.
You are covered in liquid flames!
* * * LOW HITPOINT WARNING * * *
The smoke demon closely misses you.
The smoke demon hits you but does no damage.
The smoke demon closely misses you.
The orc high priest hits you but does no damage.
The rust devil hits you. The rust devil corrodes you!
The red devil hits you from afar with a +0 trident!
* * * LOW HITPOINT WARNING * * *
Barbed spikes become lodged in your body.
You feel much better.
You are covered in liquid flames!
* * * LOW HITPOINT WARNING * * *
You are no longer on fire.
The smoke demon hits you but does no damage.
The smoke demon closely misses you. The smoke demon misses you.
The orc high priest mumbles some strange prayers to Beogh against you.
Beogh smites you!
* * * LOW HITPOINT WARNING * * *
The rust devil hits you.
* * * LOW HITPOINT WARNING * * *
The rust devil corrodes you!
The red devil hits you but does no damage.
Blink to where?
Press: ? - help, Dir - move target, p - orc high priest
As you read the scroll of blinking, it crumbles to dust.
You feel much better. The smoke demon gestures at you. Beogh smites you!
* * * LOW HITPOINT WARNING * * *
The orc high priest mumbles some strange prayers to Beogh against you.
Beogh smites you!
You die...

........#####...###)))).........#
.........# ######.)#)#.....#.#..
.#....#.## ##..##)...#....##)
.##...####### ##..###...###...###
..#...##.#..###..###...## ##... #
.#.......)..##..###...## ##..
###......).....###...## ##
#............###...##
#...#....##.###@#.##
##.....#######...## #....##
##.#.## ##.### ##..[## ###
##..)## ##...## ##.43#
##.)o4..... ##.#(..#.#


You could see an orc high priest, a rust devil (summoned) and a smoke demon
(summoned).

Vanquished Creatures
  An orc warlord (D:9)
  A fire dragon (D:14)
  9 hydras
  A quicksilver dragon skeleton (D:15)
  4 centaur warriors
  An ogre mage (D:15)
  8 boulder beetles
  4 catoblepae
  2 dancing weapons (D:14)
  A demonspawn (Orc:2)
  5 death yaks (Lair:5)
  8 two-headed ogres
  Urug (Lair:1)
  2 orc high priests (Orc:2)
  3 skeletal warriors
  A fire crab (shapeshifter) (D:15)
  A spark wasp zombie (D:15)
  A flayed ghost (D:15)
  A wizard (D:15)
  4 orc knights
  A tengu zombie (D:15)
  2 deep elf pyromancers
  A necromancer (D:15)
  A frost giant zombie (D:15)
  6 ugly things
  7 cyclopes
  6 manticores
  3 elephants (Lair:3)
  2 merfolk sirens (Lair:2)
  4 black mambas
  A rust devil (Orc:2)
  Joseph (D:8)
  A torpor snail (Lair:5)
  6 cane toads
  A cane toad (shapeshifter) (D:14)
  A gargoyle (D:11)
  Maggie (D:8)
  2 rime drakes
  2 freezing wraiths
  8 komodo dragons
  An ice devil (Orc:2)
  A red devil (Orc:2)
  A guardian mummy (D:15)
  2 merfolk (Lair:2)
  4 polar bears
  2 trolls
  Prince Ribbit (D:8)
  Grinder (D:4)
  6 slime creatures
  24 blink frogs
  A vampire (D:11)
  7 wyverns
  6 basilisks
  83 yaks
  3 steam dragons
  6 vampire mosquitoes
  2 nagas (Lair:3)
  A warg (Orc:2)
  An acid dragon (D:9)
  16 water moccasins
  An ice beast (D:6)
  2 black bears
  29 orc warriors
  2 sky beasts
  9 wolves
  10 ogres
  17 centaurs
  2 phantoms
  14 bullfrogs
  5 kobold brigands
  4 scorpions
  A necrophage (D:7)
  12 killer bees
  3 howler monkeys
  3 jellies
  5 hounds
  30 orc priests
  3 iguanas (D:6)
  18 orc wizards
  13 gnolls
  6 adders
  A white imp (D:7)
  An ufetubus (D:4)
  A worm (D:2)
  2 dart slugs
  88 orcs
  4 ball pythons
  A bat (D:2)
  13 endoplasms
  3 giant cockroaches (D:1)
  4 goblins
  7 hobgoblins
  3 jackals
  17 kobolds
  3 quokkas
  5 frilled lizards
  4 rats
631 creatures vanquished.

Vanquished Creatures (others)
  A white imp (D:7)
  11 fungi
  15 plants
  2 withered plants (D:15)
29 creatures vanquished.

Grand Total: 660 creatures vanquished

Notes
Turn   | Place    | Note
-------+----------+-------------------------------------------
     0 | D:1      | Gabide the Ghoul Gladiator began the quest for the Orb.
     0 | D:1      | Reached XP level 1. HP: 17/17 MP: 0/0
   118 | D:1      | Reached skill level 2 in Throwing
   269 | D:1      | Reached XP level 2. HP: 24/24 MP: 1/1
   342 | D:1      | Found a faded altar of an unknown god.
   576 | D:1      | Reached skill level 3 in Throwing
   658 | D:2      | Reached XP level 3. HP: 29/29 MP: 2/2
  1177 | D:3      | HP: 1/29 [orc priest/divine providence (11)]
  1183 | D:3      | Reached skill level 4 in Throwing
  1183 | D:3      | Reached XP level 4. HP: 25/37 MP: 3/3
  1206 | D:3      | Reached XP level 5. HP: 14/46 MP: 4/4
  1561 | D:3      | Found a bloodstained altar of Trog.
  1725 | D:4      | Found a hide-covered altar of Uskayaw.
  1757 | D:4      | Noticed Grinder
  1759 | D:4      | Paralysed by Grinder for 2 turns
  1770 | D:4      | Killed Grinder
  1771 | D:4      | Reached XP level 6. HP: 17/52 MP: 5/5
  2099 | D:4      | Reached XP level 7. HP: 52/59 MP: 6/6
  2120 | D:4      | Reached skill level 5 in Throwing
  2320 | D:4      | Found a sacrificial altar of Ru.
  2348 | D:4      | Found a hazy altar of Hepliaklqana.
  2352 | D:4      | You fall into a shaft and drop 3 floors!
  2389 | D:7      | Reached skill level 6 in Throwing
  2391 | D:7      | Found Idivi's Assorted Antiques.
  2443 | D:7      | Reached skill level 5 in Fighting
  2454 | D:6      | Found a staircase to the Ecumenical Temple.
  2468 | D:6      | Reached XP level 8. HP: 62/70 MP: 7/7
  2474 | Temple   | Entered the Ecumenical Temple
  2609 | Temple   | Became a worshipper of Warmaster Okawaru
  2803 | D:5      | Entered Level 5 of the Dungeon
  2936 | D:4      | Reached skill level 5 in Unarmed Combat
  3015 | D:4      | Found Sarasvati's Dragon-Slaying Spoils.
  3572 | D:5      | Reached skill level 5 in Dodging
  3824 | D:5      | Reached * piety under Okawaru
  4297 | D:6      | Reached XP level 9. HP: 75/75 MP: 8/8
  4786 | D:6      | Reached skill level 7 in Throwing
  5142 | D:6      | Reached ** piety under Okawaru
  5474 | D:6      | Found a large runed translucent door.
  5475 | D:6      | Found a large runed translucent door.
  5502 | D:6      | Reached skill level 8 in Throwing
  5591 | D:6      | Found a shimmering blue altar of Sif Muna.
  5598 | D:6      | Found a stormy altar of Qazlal.
  5721 | D:7      | Found an opulent altar of Gozag.
  5763 | D:7      | Reached skill level 9 in Throwing
  6142 | D:7      | Identified the +3 ring mail "Muebue" {Dex+3}
  6884 | D:8      | Noticed Maggie
  6894 | D:8      | Killed Maggie
  6894 | D:8      | Reached *** piety under Okawaru
  6895 | D:8      | Reached XP level 10. HP: 88/88 MP: 9/9
  6923 | D:8      | Noticed Prince Ribbit
  6944 | D:8      | Killed Prince Ribbit
  7036 | D:8      | Noticed an angel
  7038 | D:8      | Found a shimmering altar of Xom.
  7057 | D:8      | Received a gift from Okawaru
  7079 | D:8      | Reached **** piety under Okawaru
  7406 | D:8      | Noticed Joseph
  7423 | D:8      | Killed Joseph
  7664 | D:8      | Received a gift from Okawaru
  8315 | D:9      | Reached ***** piety under Okawaru
  8567 | D:9      | Found a staircase to the Orcish Mines.
  8636 | D:9      | Found an ancient bone altar of Kikubaaqudgha.
  8638 | D:9      | Found a shadowy altar of Dithmenos.
  8712 | D:9      | Received a gift from Okawaru
  8716 | D:9      | Reached XP level 11. HP: 80/97 MP: 10/10
  8787 | D:9      | Found a burning altar of Makhleb.
  8878 | D:9      | Noticed a cyclops
  8882 | D:9      | Noticed a skeletal warrior
  8898 | D:9      | Noticed a skeletal warrior
  8910 | D:9      | Killed a skeletal warrior
  8934 | D:9      | Noticed a six-headed hydra
  9002 | D:10     | Entered Level 10 of the Dungeon
  9040 | D:10     | Received a gift from Okawaru
  9837 | D:10     | Reached skill level 10 in Throwing
 10093 | D:10     | Found Ahoer's Vocational Training.
 11043 | D:11     | Received a gift from Okawaru
 11366 | D:11     | Received a gift from Okawaru
 11379 | D:11     | Reached skill level 11 in Throwing
 11656 | D:11     | Reached ****** piety under Okawaru
 12413 | D:11     | Found a staircase to the Lair.
 12599 | D:11     | Noticed a manticore
 12602 | D:11     | Killed a manticore
 12833 | D:4      | Bought quicksilver dragon scales for 780 gold pieces
 13119 | Lair:1   | Entered Level 1 of the Lair of Beasts
 13133 | Lair:1   | Reached XP level 12. HP: 58/104 MP: 11/11
 13371 | Lair:1   | Noticed a four-headed hydra
 13378 | Lair:1   | Killed a four-headed hydra
 13379 | Lair:1   | Reached skill level 12 in Throwing
 13764 | Lair:1   | Noticed a five-headed hydra
 13769 | Lair:1   | Killed a five-headed hydra
 13769 | Lair:1   | Received a gift from Okawaru
 13881 | Lair:1   | Received a gift from Okawaru
 14319 | Lair:1   | Noticed Urug
 14338 | Lair:1   | Killed Urug
 14339 | Lair:1   | Reached skill level 13 in Throwing
 15585 | Lair:2   | Received a gift from Okawaru
 15778 | Lair:2   | Reached skill level 10 in Fighting
 16293 | Lair:2   | Identified the +1 pair of gloves of Pessimism {Int+2 Dex+3}
                  | (Okawaru gifted it to you on level 2 of the Lair of Beasts)
 16293 | Lair:2   | Received a gift from Okawaru
 16651 | Lair:2   | Noticed a catoblepas
 16659 | Lair:2   | Killed a catoblepas
 16660 | Lair:2   | Reached XP level 13. HP: 114/117 MP: 12/12
 16813 | Lair:2   | Found a staircase to the Shoals.
 17314 | Lair:3   | Reached skill level 10 in Unarmed Combat
 18567 | Lair:3   | Found a staircase to the Snake Pit.
 18944 | Lair:4   | Identified the +9 arbalest of the Seven Persimmons {venom,
                  | rF++} (Okawaru gifted it to you on level 4 of the Lair of
                  | Beasts)
 18944 | Lair:4   | Received a gift from Okawaru
 19715 | Lair:4   | Found a viscous altar of Jiyva.
 19715 | Lair:4   | Found a staircase to the Slime Pits.
 20066 | Lair:5   | Entered Level 5 of the Lair of Beasts
 20113 | Lair:5   | Reached skill level 10 in Dodging
 20146 | Lair:5   | Received a gift from Okawaru
 20325 | Lair:5   | Received a gift from Okawaru
 20717 | Lair:5   | Received a gift from Okawaru
 20773 | Lair:5   | Received a gift from Okawaru
 20779 | Lair:5   | Reached XP level 14. HP: 48/126 MP: 10/13
 21163 | Lair:5   | Found a shimmering blue altar of Sif Muna.
 21206 | Lair:5   | Received a gift from Okawaru
 21296 | Lair:5   | Received a gift from Okawaru
 21366 | Lair:5   | Identified the +0 pair of gloves of Konnoont {rPois Dex+4}
                  | (Okawaru gifted it to you on level 5 of the Lair of Beasts)
 21366 | Lair:5   | Received a gift from Okawaru
 21405 | Lair:5   | Reached skill level 14 in Throwing
 22202 | Lair:5   | Identified the +5 chain mail "Citaxty" {rF+ rCorr}
 22929 | D:9      | Reached skill level 1 in Armour
 23603 | D:12     | Identified the +8 battleaxe of Ewaofrau {protect, Int+6}
                  | (Okawaru gifted it to you on level 12 of the Dungeon)
 23603 | D:12     | Received a gift from Okawaru
 24022 | D:13     | Reached skill level 5 in Armour
 24211 | D:13     | Noticed a sphinx
 24375 | D:13     | Found a sacrificial altar of Ru.
 24398 | D:13     | Identified the +1 leather armour of the Mantidfly {*Corrode
                  | rElec rN++ MP+9}
 24526 | D:13     | Found a shimmering blue altar of Sif Muna.
 24530 | D:13     | Found a transporter.
 24554 | D:13     | Received a gift from Okawaru
 24878 | D:14     | Reached skill level 15 in Throwing
 24878 | D:14     | Reached XP level 15. HP: 118/132 MP: 14/14
 24940 | D:14     | Noticed 112233's ghost (adept HuCj)
 24969 | D:14     | Identified the +0 pair of gloves of Waipp {rC+ Str+4}
                  | (Okawaru gifted it to you on level 14 of the Dungeon)
 24969 | D:14     | Received a gift from Okawaru
 25140 | D:14     | Found a gate to the Vaults.
 25419 | D:14     | Found a runed translucent gate.
 25419 | D:14     | Found a runed translucent gate.
 25419 | D:14     | Found a runed translucent gate.
 25636 | D:15     | Entered Level 15 of the Dungeon
 25636 | D:15     | Found Kekluf's Distillery.
 25636 | D:15     | Found a staircase to the Depths.
 26189 | D:15     | Reached skill level 16 in Throwing
 26284 | D:15     | Identified a scroll of acquirement
 26285 | D:15     | Acquired a manual of Armour
 26298 | D:15     | Found Vyruazo's Armour Shoppe.
 26439 | D:15     | Found an ornate altar of the Wu Jian Council.
 26470 | D:15     | Found a huge runed gate.
 26470 | D:15     | Found a huge runed gate.
 26470 | D:15     | Found a huge runed gate.
 26470 | D:15     | Found a huge runed gate.
 26470 | D:15     | Found a huge runed gate.
 26471 | D:15     | Found a huge runed gate.
 26471 | D:15     | Found a huge runed gate.
 26472 | D:15     | Found a huge runed gate.
 26473 | D:15     | Found a huge runed gate.
 26473 | D:15     | Found a huge runed gate.
 26482 | D:15     | Found a huge runed gate.
 26482 | D:15     | Found a huge runed gate.
 26483 | D:15     | Found a huge runed gate.
 26491 | D:15     | Found a huge runed gate.
 26491 | D:15     | Found a huge runed gate.
 26491 | D:15     | Found a huge runed gate.
 26491 | D:15     | Found a huge runed gate.
 26491 | D:15     | Found a huge runed gate.
 26491 | D:15     | Found a huge runed gate.
 26492 | D:15     | Found a huge runed gate.
 26493 | D:15     | Found a huge runed gate.
 26494 | D:15     | Found a huge runed gate.
 26505 | D:15     | Received a gift from Okawaru
 26522 | D:15     | Found a huge runed gate.
 26522 | D:15     | Found a huge runed gate.
 26522 | D:15     | Found a huge runed gate.
 26522 | D:15     | Found a huge runed gate.
 26522 | D:15     | Found a huge runed gate.
 26522 | D:15     | Found a huge runed gate.
 26523 | D:15     | Found a huge runed gate.
 26524 | D:15     | Found a huge runed gate.
 26525 | D:15     | Found a huge runed gate.
 26533 | D:15     | Found the +6 arbalest "Damnation" {damnation}
 26534 | D:15     | Found a huge runed gate.
 26534 | D:15     | Found a huge runed gate.
 26534 | D:15     | Found a huge runed gate.
 26534 | D:15     | Found a huge runed gate.
 26534 | D:15     | Found a huge runed gate.
 26718 | D:15     | Found Riurch's Assorted Antiques.
 26813 | D:15     | Bought a potion of heal wounds for 135 gold pieces
 26813 | D:15     | Bought a scroll of blinking for 202 gold pieces
 27501 | D:15     | Noticed a storm dragon
 27501 | D:15     | Noticed a fire giant
 27501 | D:15     | Noticed a tengu reaver
 27501 | D:15     | Noticed a tengu reaver
 27501 | D:15     | Noticed a frost giant
 27501 | D:15     | Noticed a fire giant
 27875 | Orc:1    | Entered Level 1 of the Orcish Mines
 27909 | Orc:1    | Reached skill level 17 in Throwing
 27911 | Orc:1    | Noticed an orc warlord
 28068 | D:9      | Killed an orc warlord
 28068 | D:9      | Received a gift from Okawaru
 28068 | D:9      | Found the +8 autumn katana {vorpal, manifold assault}
 28406 | Orc:2    | Entered Level 2 of the Orcish Mines
 28817 | Orc:2    | Found Riyhen's Magic Scroll Shoppe.
 28818 | Orc:2    | Found Qaenk's Distillery.
 28879 | Orc:2    | Bought a scroll of teleportation for 33 gold pieces
 28881 | Orc:2    | Bought a potion of heal wounds for 60 gold pieces
 28881 | Orc:2    | Bought a potion of heal wounds for 60 gold pieces
 28881 | Orc:2    | Bought a potion of heal wounds for 60 gold pieces
 28881 | Orc:2    | Bought a potion of heal wounds for 60 gold pieces
 28940 | Orc:2    | Found a staircase to the Elven Halls.
 29096 | Orc:2    | Received a gift from Okawaru
 29118 | Orc:2    | HP: 3/132 [red devil/+0 trident[an orc high priest] (13)]
 29119 | Orc:2    | HP: 1/132 [rust devil[an orc high priest] (6)]
 29121 | Orc:2    | Killed from afar by an orc high priest

Illustrated notes

Levels and vault maps discovered:
D:1:      minmay_arrival_shattered_statue, layout_rooms,
          hellmonk_ecumenical_altar_heavens_door
D:2:      layout_rooms
D:3:      layout_basic, amcnicky_altar_gilded, st_stairs_8,
          nicolae_figureground_pulse
D:4:      layout_gridville, mainiacjoe_overflow_catwalk, kennysheep_mini,
          nicolae_overflow_crystal_walls, nicolae_shop_dragon_depot,
          corner_web_ring, uniq_grinder
D:5:      layout_basic
D:6:      layout_basic, jmf_multi_god_temple2, minmay_temple_entry_glassed_door
D:7:      layout_loops_ring, kennysheep_mini_moat, nicolae_take_the_stairs,
          grunt_decor_cap, st_stairs_3
D:8:      layout_loops_ring, grunt_temple_overflow_order_and_chaos_1,
          uniq_joseph, uniq_maggie, uniq_prince_ribbit1
D:9:      layout_basic, bloody_makhleb, grunt_temple_overflow_open,
          hiddenorc2_lemuel, minmay_diamond_spiral
D:10:     layout_grid_maze, elyvilon_altar_3, nrook_mini_vaults,
          nicolae_shop_vocational
D:11:     layout_basic, david_lair_shrubbed
D:12:     layout_rooms
D:13:     gammafunk_sealed_library, layout_loops_cross, hangedman_ru_absence
D:14:     layout_roguey, erik_vaults_1, serial_park_tiny_1,
          maelrawn_ghost_gauntlet_escape
D:15:     gammafunk_depths_entry_grave, layout_gridville,
          pdpol_wu_jian_five_deadly_venoms, serial_shops, shop, shop_fountains,
          nicolae_shop_waterfront, door_vault
Temple:   nicolae_temple_superstar
Lair:1:   layout_loops_ring, uniq_urug
Lair:2:   layout_hall_layers, elwin_shoals_entry_stream
Lair:3:   layout_chaotic_city, guppyfry_snake_entry_island
Lair:4:   layout_cave_pods, dpeg_slime_entry_corner, lemuel_fruit_tree,
          grunt_megastairs_2, lemuel_fruit_fields
Lair:5:   evilmike_catoblepas_cave, layout_hall_layers, basic_altar,
          infiniplex_staircase_pool_2
Orc:1:    layout_caves, nicolae_shop_self_help, uniq_sonja
Orc:2:    pf_orc_diabolical, layout_caves

Skill      XL: |  1  2  3  4  5  6  7  8  9 10 11 12 13 14 15 |
---------------+----------------------------------------------+-----
Throwing       | 2 3 4 6 9 11 13 15 17 | 17.7
Fighting       | 3 4 5 6 8 9 11 12 | 12.0
Unarmed Combat | 4 6 9 12 | 12.0
Dodging        | 4 6 7 9 11 12 | 12.0
Armour         | 6 |  6.0

Action                   |  1- 3 |  4- 6 |  7- 9 | 10-12 | 13-15 || total
-------------------------+-------+-------+-------+-------+-------++-------
Melee: Unarmed           |    74 |    57 |   251 |   637 |   779 ||  1798
       Punch             |       |       |    11 |    25 |    73 ||   109
Throw: Stone             |    56 |       |       |       |       ||    56
       Throwing net      |     2 |     1 |     3 |     8 |       ||    14
       Javelin           |     1 |     1 |     3 |    45 |   187 ||   237
       Boomerang         |       |       |    28 |     6 |    56 ||    90
       Dart              |       |       |       |    11 |    19 ||    30
Invok: Heroism           |       |       |       |     5 |    13 ||    18
Evoke: Wand              |       |     2 |     6 |     7 |     7 ||    22
  Use: Potion            |     2 |     2 |     2 |     1 |    10 ||    17
       Scroll            |       |     4 |     3 |     6 |    19 ||    32
 Stab: Distracted        |       |       |     1 |       |       ||     1
       Held in net/web   |       |       |       |     1 |       ||     1
       Invisible         |       |       |       |       |    13 ||    13
Armor: Leather armour    |    11 |    16 |    72 |    88 |       ||   187
       Ring mail         |       |       |     5 |    86 |       ||    91
       Steam dragon scal |       |       |     1 |       |       ||     1
       Quicksilver drago |       |       |       |    39 |   438 ||   477
Dodge: Dodged            |    37 |    42 |   193 |   445 |   730 ||  1447
